 Dungeon Crawl Stone Soup version 0.19.1 (webtiles) character file.

756 empire the Ogre Mage (level 7, -6/106 HPs)
             Began as an Ogre Fire Elementalist on Dec 12, 2016.
             Mangled by a gnoll
             ... wielding a +0 spear
              (7 damage)
             ... on level 5 of the Dungeon.
             The game lasted 00:14:52 (7713 turns).

empire the Ogre Mage (Ogre Fire Elementalist)       Turns: 7713, Time: 00:14:53

Health: -6/106     AC:  3    Str: 17 (19) XL:     7   Next: 79%
Magic:  10/14      EV: 10    Int: 14 (16) God:
Gold:   140        SH:  0    Dex: 10      Spells: 3 memorised, 5 levels left

rFire  . . .     SeeInvis .     b - +0 club
rCold  . . .     Gourm    .     f - +0 robe
rNeg   . . .     Faith    .     (no shield)
rPois  .         Spirit   .     (helmet restricted)
rElec  .         Reflect  .     (no cloak)
rCorr  .         Harm     .     (gloves unavailable)
MR     .....                    (boots unavailable)
Stlth  ..........               u - amulet of magic regeneration
                                (no ring)
                                (no ring)

@: berserking, very quick
A: unfitting armour, tough skin 1
a: no special abilities


You were on level 5 of the Dungeon.
You were not hungry.

You visited 2 branches of the dungeon, and saw 6 of its levels.

You collected 140 gold pieces.

Inventory:

Hand Weapons
 a - a +2 spear of venom
 b - a +0 club (weapon)
Missiles
 e - 19 arrows
 h - 79 poisoned needles
Armour
 f - a +0 robe (worn)
Jewellery
 u - an amulet of magic regeneration (around neck)
Scrolls
 j - a scroll of magic mapping
 k - 2 scrolls of remove curse
 m - 2 scrolls of teleportation
 o - 2 scrolls of amnesia
 t - a scroll of enchant armour {unknown}
Potions
 l - a potion of curing
 p - a potion of degeneration
 s - a potion of might {unknown}
Books
 i - a book of Flames

   Spells                             Type                      Level
   a - Flame Tongue                   Conjuration/Fire             1
   b - Throw Flame                    Conjuration/Fire             2
   c - Conjure Flame                  Conjuration/Fire             3
   d - Inner Flame                    Hexes/Fire                   3
   e - Sticky Flame                   Conjuration/Fire             4
   f - Fireball                       Conjuration/Fire             5
 q - a book of Cantrips

   Spells                             Type                      Level
   a - Confusing Touch                Hexes                        1
   b - Animate Skeleton               Necromancy                   1
   c - Summon Small Mammal            Summoning                    1
   d - Apportation                    Translocation                1
Comestibles
 c - 4 bread rations
 d - a meat ration


   Skills:
 + Level 4.8 Fighting
 - Level 2.0 Maces & Flails
 - Level 1.7 Dodging
 - Level 1.4 Stealth
 + Level 4.9 Spellcasting
 * Level 3.2 Conjurations
 * Level 3.7 Fire Magic


You had 5 spell levels left.
You knew the following spells:

 Your Spells              Type           Power        Failure   Level  Hunger
a - Flame Tongue          Conj/Fire      ##...        4%          1    None
b - Sticky Flame          Conj/Fire      ##......     45%         4    ####...
c - Fireball              Conj/Fire      ##........   95%         5    ######.


Dungeon Overview and Level Annotations

Branches:
Dungeon (5/15)             Temple (1/1) D:4

Altars:
Ashenzari
Cheibriados
Dithmenos
Elyvilon
Fedhas
Gozag
Makhleb
Nemelex Xobeh
Okawaru
Qazlal
Ru
Uskayaw
Xom
Zin


Innate Abilities, Weirdness & Mutations

You are too large for most types of armour.
You have tough skin. (AC +1)


Message History

You feel yourself moving faster!
You feel mighty!
The centaur shoots an arrow.
The arrow barely misses you. The gnoll barely misses you.
The crimson imp barely misses you.
You are too berserk!
Unknown command.
You sock the crimson imp!
The crimson imp is severely wounded.
The centaur shoots an arrow.
The arrow barely misses you.
The gnoll hits you from afar with a spear!
* * * LOW HITPOINT WARNING * * *
The crimson imp hits you but does no damage.
You sock the crimson imp!
You kill the crimson imp!
You barely miss the centaur.
The centaur unwields an uncursed shortbow.
The centaur closely misses you. The gnoll barely misses you.
You barely miss the centaur. The centaur hits you!
* * * LOW HITPOINT WARNING * * *
The gnoll hits you from afar with a spear!
You die...

#.# ..# ... #..
#g# #########g#
# #.......gZ# #
##.#.#######c#.#
#..#.#......@).#
.....#..#..#.##
#.##..#.....#.#
#.......###...#
..##.#.### #####
#.######
#.#....#
#.'....#
###....#


You could see a centaur, 3 gnolls and a hound skeleton.

Vanquished Creatures
  2 phantoms
  A scorpion (D:5)
  A howler monkey (D:4)
  A crimson imp (D:5)
  A hound (D:4)
  3 bullfrog skeletons (D:4)
  Terence (D:3)
  Jessica (D:3)
  5 worker ants (D:4)
  7 adders
  A gnoll (D:5)
  9 worms
  4 dart slugs
  A leopard gecko (D:3)
  7 orcs
  5 giant cockroaches
  5 goblins
  5 hobgoblins
  2 jackals (D:2)
  8 kobolds
  A quokka (D:2)
  7 bats
  6 rats
84 creatures vanquished.

Vanquished Creatures (others)
  A giant cockroach (D:3)
1 creature vanquished.

Grand Total: 85 creatures vanquished

Notes
Turn   | Place    | Note
-------+----------+-------------------------------------------
     0 | D:1      | empire the Ogre Fire Elementalist began the quest for the Orb.
     0 | D:1      | Reached XP level 1. HP: 16/16 MP: 3/3
   410 | D:1      | Reached skill level 1 in Conjurations
   410 | D:1      | Reached XP level 2. HP: 21/26 MP: 5/5
   694 | D:1      | Reached skill level 1 in Fighting
   805 | D:1      | Found a sparkling altar of Nemelex Xobeh.
   913 | D:1      | Found a shadowy altar of Dithmenos.
  1277 | D:2      | Reached XP level 3. HP: 29/35 MP: 7/7
  2115 | D:2      | Reached skill level 1 in Maces & Flails
  2115 | D:2      | Reached XP level 4. HP: 13/42 MP: 4/9
  2688 | D:2      | Found a sparkling altar of Nemelex Xobeh.
  2691 | D:2      | Found an iron altar of Okawaru.
  3128 | D:3      | Noticed Jessica
  3134 | D:3      | Killed Jessica
  3139 | D:3      | Found a stormy altar of Qazlal.
  3161 | D:3      | Reached XP level 5. HP: 18/50 MP: 0/10
  3366 | D:3      | Learned a level 4 spell: Sticky Flame
  3372 | D:3      | Learned a level 5 spell: Fireball
  4191 | D:3      | Noticed Terence
  4210 | D:3      | Killed Terence
  4975 | D:4      | Reached XP level 6. HP: 46/61 MP: 3/12
  5397 | D:4      | Found a staircase to the Ecumenical Temple.
  5407 | Temple   | Entered the Ecumenical Temple
  5705 | D:4      | Noticed a phantom
  5777 | D:4      | Killed a phantom
  6282 | D:4      | Reached XP level 7. HP: 68/68 MP: 11/13
  7464 | D:5      | Entered Level 5 of the Dungeon
  7713 | D:5      | HP: 1/106 [centaur (7)]
  7713 | D:5      | Mangled by a gnoll

Skill      XL: |  1  2  3  4  5  6  7 |
---------------+----------------------+-----
Conjurations   | 1 2 3 |  3.2
Fighting       | 1 2 3 4 |  4.8
Spellcasting   | 3 4 |  4.9
Maces & Flails | 1 2 |  2.0
Fire Magic     | 3 |  3.7
Dodging        | |  1.7
Stealth        | |  1.4

Action                   |  1- 3 |  4- 6 |  7- 9 || total
-------------------------+-------+-------+-------++-------
Melee: Dagger            |     8 |       |       ||     8
       Unarmed           |     6 |       |       ||     6
       Spear             |    76 |       |       ||    76
       Club              |    12 |   140 |   105 ||   257
 Cast: Flame Tongue      |    33 |   101 |    42 ||   176
  Use: Scroll            |       |     5 |     3 ||     8
       Potion            |       |     1 |     3 ||     4
 Stab: Sleeping          |     3 |     2 |     1 ||     6
  Eat: Chunk             |     4 |    11 |     5 ||    20
       Beef jerky        |       |       |     1 ||     1
Armor: Robe              |    28 |    51 |    21 ||   100
       Skin              |       |       |    36 ||    36
Dodge: Dodged            |    70 |   123 |    67 ||   260
